 Dungeon Crawl Stone Soup version 0.29-a0-901-g46a8461d6a (webtiles) character file.

Game seed: 14386504438031444033

6447 gruber the Geomancer (level 10, -3/63 HPs)
             Began as a Gargoyle Earth Elementalist on July 23, 2022.
             Was a Priest of Vehumet.
             Slain by Snorg (9 damage)
             ... on level 10 of the Dungeon.
             The game lasted 00:10:31 (10912 turns).

gruber the Geomancer (Gargoyle Earth Elementalist) Turns: 10912, Time: 00:10:32

Health: -3/63      AC: 13    Str: 12    XL:     10   Next: 99%
Magic:  10/13      EV: 11    Int: 30    God:    Vehumet [***...]
Gold:   461        SH:  0    Dex: 16    Spells: 2/13 levels left

rFire   + . .      SeeInvis +   e - +7 long sword of Success {spect, rF+ Int+4 SInv}
rCold   . . .      Faith    .   (no shield)
rNeg    + . .      Spirit   .   u - +0 leather armour
rPois   ∞          Reflect  .   f - +0 helmet
rElec   +          Harm     .   (no cloak)
rCorr   .          Rampage  .   (no gloves)
Will    .....                   s - +0 pair of boots
Stlth   ++........              (no amulet)
HPRegen 0.20/turn               g - +6 ring of intelligence
MPRegen 0.13/turn               C - +6 ring of dexterity

@: freezing walls
A: sickness immunity, AC +7, negative energy resistance 1, electricity
resistance, torment resistance 1, petrification resistance
a: Renounce Religion


You were on level 10 of the Dungeon.
You worshipped Vehumet.
Vehumet was most pleased with you.
You visited 2 branches of the dungeon, and saw 11 of its levels.
You also visited: Sewer.

You collected 461 gold pieces.

Inventory:

Hand Weapons
 e - the +7 long sword of Success (weapon) {spect, rF+ Int+4 SInv}
   (You found it on level 2 of the Dungeon)

   When its wielder attacks, the weapon's spirit leaps out and strikes again.
   The spirit shares a part of any damage it takes with its wielder.
   Int:       It affects your intelligence (+4).
   rF:        It protects you from fire.
   SInv:      It lets you see invisible.
Missiles
 q - 52 poisoned darts
 z - a throwing net
Armour
 f - a +0 helmet (worn)
 s - a +0 pair of boots (worn)
 u - a +0 leather armour (worn)
Jewellery
 g - a +6 ring of intelligence (left hand)
 v - a ring of see invisible
 C - a +6 ring of dexterity (right hand)
Wands
 w - a wand of roots (20)
 E - a wand of flame (21)
 G - a wand of charming (3)
Scrolls
 a - a scroll of vulnerability {unknown}
 c - 10 scrolls of identify {unknown}
 h - 6 scrolls of teleportation {unknown}
 n - a scroll of brand weapon {unknown}
 o - 3 scrolls of poison {unknown}
 r - 3 scrolls of amnesia {unknown}
 x - a scroll of immolation {unknown}
 y - 2 scrolls of enchant weapon {unknown}
 A - a scroll of butterflies {unknown}
 B - a scroll of fear {unknown}
 H - a scroll of enchant armour {unknown}
Potions
 b - 3 potions of magic
 d - 2 potions of cancellation {unknown}
 i - 3 potions of invisibility {unknown}
 j - 2 potions of lignification {unknown}
 k - 4 potions of degeneration {unknown}
 l - 8 potions of curing
 m - 3 potions of might {unknown}
 p - 2 potions of heal wounds {unknown}
 t - a potion of brilliance {unknown}
 D - 2 potions of mutation {unknown}
 F - a potion of berserk rage {unknown}


   Skills:
 - Level 7.3 Fighting
 - Level 7.1 Long Blades
 - Level 0.4(0.5) Maces & Flails
 - Level 0.1(0.2) Polearms
 - Level 0.1(0.3) Staves
 - Level 0.1 Ranged Weapons
 - Level 6.4 Armour
 - Level 1.5 Dodging
 - Level 2.1 Stealth
 - Level 0.1 Shields
 * Level 2.0 Spellcasting
 - Level 0.7 Hexes
 - Level 0.1 Summonings
 - Level 0.7 Transmutations
 - Level 4.1 Ice Magic
 - Level 12.3 Earth Magic
 - Level 0.2 Poison Magic


You had 2 spell levels left.
You knew the following spells:

 Your Spells              Type           Power      Damage    Failure   Level
a - Sandblast             Erth           100%       2d20      1%          1
b - Stone Arrow           Conj/Erth      80%        3d12      1%          3
c - Petrify               Tmut/Erth      42%        N/A       7%          4
d - Frozen Ramparts       Ice            54%        1d7       1%          3

Your spell library contained the following spells:

 Spells                   Type           Power      Damage    Failure   Level
 Passwall                 Tmut/Erth      35%        N/A       1%          2
 Slow                     Hex            28%        N/A       7%          1
 Necrotise                Necr           12%        1d4       10%         1
 Dazzling Flash           Conj/Hex       10%        N/A       7%          3
 Confusing Touch          Hex            7%         N/A       22%         3
 Iskenderun's Mystic Bla  Conj/Tloc      3%         2d3       24%         4
 Vampiric Draining        Necr           3%         2d6       28%         3
 Agony                    Necr           3%         N/A       95%         5
 Starburst                Conj/Fire      1%         6d3       96%         6


Dungeon Overview and Level Annotations

Branches:
Dungeon (10/15)            Temple (1/1) D:4            Lair (0/5) D:10
  Sewer (visited)
    Orc: D:9-12

Altars:
Ashenzari
Cheibriados
Elyvilon
Fedhas
Gozag
Hepliaklqana
Kikubaaqudgha
Nemelex Xobeh
Qazlal
Ru
Sif Muna
Trog
Uskayaw
Vehumet
Wu Jian
Xom
Yredelemnul
Zin
The Shining One

Shops:
D:5 ?   D:9 :

Annotations:
D:3 2 runed translucent doors
D:10 Snorg


Innate Abilities, Weirdness & Mutations

You are immune to sickness and miasma.
Your stone body is resilient. (AC +7)
You are immune to poison.
You resist negative energy. (rN+)
You are resistant to electric shocks. (rElec)
You are resistant to unholy torment.
You are immune to petrification.


Message History

Casting: Frozen Ramparts (safe; 1% risk of failure)
Press: ? - help, Dir - look around, f - activate The walls around you are covered in ice.
Snorg rages.
The wall freezes Snorg.
Unknown command.
Unknown command.
You closely miss Snorg.
Snorg is lightly wounded.
Your +7 long sword of Success {spect, rF+ Int+4 SInv} hits Snorg!
The wall freezes Snorg.
Snorg barely misses you. Snorg claws you but does no damage. Snorg claws you!
Unknown command.
Unknown command.
You slash Snorg!
Snorg is moderately wounded.
Your +7 long sword of Success {spect, rF+ Int+4 SInv} barely misses Snorg.
The wall freezes Snorg.
Snorg misses you. Snorg claws you! x2
The wall freezes Snorg.
Snorg barely misses you. Snorg claws you! Snorg claws you.
* * * LOW HITPOINT WARNING * * *
Unknown command.
You are too injured to fight recklessly!
Unknown command.
Unknown command.
Unknown command.
You slash Snorg!
Snorg is moderately wounded.
Your +7 long sword of Success {spect, rF+ Int+4 SInv} hits Snorg!
The wall freezes Snorg.
Snorg bites you!
* * * LOW HITPOINT WARNING * * *
Snorg closely misses you. Snorg claws you.
* * * LOW HITPOINT WARNING * * *
Unknown command.
Unknown command.
You hit Snorg.
Snorg is heavily wounded.
Your +7 long sword of Success {spect, rF+ Int+4 SInv} hits Snorg!
The wall freezes Snorg.
Snorg bites you!
You die...

#....# #...# .....# ...+.....#
######### .....#.# #......
#.......# .....#.#####.....#
#.......# ##...#....##.....#
#.......# .#.#.#....##.....#
#.......#
.#...#....##...(.#####.......#
.'...#....##...T.##.##.......#
.#...#....######@##..........#
.#.#.'....#....#.##.##.......#
.#...#....#....#.##.##.......#
.#...#....'....#.............#
.#.#.#....#....#.#####.......#
.#...#....#....#.##.##.......#
######....#....#.##..........#
#....#.##.#.............# #
######....#########'#####..


You could see Snorg (berserk) and a friendly +7 long sword of Success {spect,
rF+ Int+4 SInv} (summoned).

Vanquished Creatures
  A hornet (D:7)
  8 yaks
  2 shadows (D:9)
  2 wyverns
  Sigmund (D:4)
  Duvessa (D:5)
  3 black bears
  2 ice beasts (D:6)
  2 sky beasts
  4 orc warriors
  4 ogres
  4 centaurs
  A phantom (D:3)
  5 kobold brigands
  3 bullfrogs
  2 necrophages (D:5)
  5 scorpions
  6 wights
  Dowan (D:5)
  5 killer bees (D:8)
  2 howler monkeys (D:9)
  A hound (D:7)
  2 jellies (D:6)
  3 orc priests
  An iguana (D:4)
  8 orc wizards
  6 gnolls
  16 adders
  9 river rats (Sewer)
  2 shadow imps
  A white imp (D:8)
  An ufetubus (D:6)
  5 worms
  13 dart slugs
  40 orcs
  11 ball pythons
  4 bats
  7 endoplasms
  4 giant cockroaches
  7 goblins
  8 hobgoblins
  4 jackals (D:2)
  2 quokkas
  3 frilled lizards
  49 kobolds
  30 rats
  A bush (D:6)
302 creatures vanquished.

Vanquished Creatures (others)
  A fungus (D:10)
  3 plants (D:10)
4 creatures vanquished.

Grand Total: 306 creatures vanquished

Notes
Turn   | Place    | Note
-------+----------+-------------------------------------------
     0 | D:1      | gruber the Gargoyle Earth Elementalist began the quest for
                  | the Orb.
     0 | D:1      | Reached XP level 1. HP: 10/10 MP: 3/3
    89 | D:1      | Reached skill level 4 in Earth Magic
   144 | D:1      | Reached XP level 2. HP: 15/15 MP: 1/5
   954 | D:1      | Reached skill level 5 in Earth Magic
   954 | D:1      | Reached XP level 3. HP: 18/19 MP: 4/6
  1080 | D:2      | Learned a level 3 spell: Stone Arrow
  1118 | D:2      | Found a faded altar of an unknown god.
  1295 | D:2      | Reached XP level 4. HP: 24/24 MP: 0/7
  1379 | D:2      | Identified the +7 long sword of Success {spect, rF+ Int+4
                  | SInv}
  1531 | D:2      | Reached skill level 6 in Earth Magic
  1909 | D:3      | Found a shimmering altar of Xom.
  1909 | D:3      | Found a blossoming altar of Fedhas.
  1931 | D:3      | Noticed a phantom
  1937 | D:3      | Killed a phantom
  1938 | D:3      | Reached XP level 5. HP: 21/28 MP: 4/8
  2220 | D:3      | Found a glowing drain.
  2231 | D:3      | Reached XP level 6. HP: 28/32 MP: 5/9
  2239 | Sewer    | Entered a sewer
  2787 | Sewer    | Reached XP level 7. HP: 35/36 MP: 10/10
  2794 | Sewer    | Reached skill level 5 in Long Blades
  3697 | D:3      | Found a large runed translucent door.
  3698 | D:3      | Found a large runed translucent door.
  3936 | D:4      | Noticed Sigmund
  3942 | D:4      | Killed Sigmund
  4144 | D:4      | Reached XP level 8. HP: 35/41 MP: 7/11
  4217 | D:4      | Found a staircase to the Ecumenical Temple.
  4312 | Temple   | Entered the Ecumenical Temple
  4357 | Temple   | Became a worshipper of Vehumet
  4435 | D:5      | Entered Level 5 of the Dungeon
  4623 | D:4      | Reached skill level 1 in Fighting
  4734 | D:5      | Found Simomir's Magic Scroll Boutique.
  4852 | D:5      | Noticed Duvessa
  4852 | D:5      | Noticed Dowan
  4856 | D:5      | Killed Duvessa
  4859 | D:5      | Killed Dowan
  4860 | D:5      | Reached skill level 5 in Fighting
  5550 | D:6      | Reached * piety under Vehumet
  5550 | D:6      | Offered knowledge of Magic Dart by Vehumet.
  5716 | D:6      | Reached XP level 9. HP: 32/57 MP: 10/12
  5922 | D:6      | Reached skill level 1 in Armour
  6264 | D:6      | Found a shimmering blue altar of Sif Muna.
  6593 | D:6      | Reached skill level 5 in Armour
  6779 | D:7      | Noticed a hornet
  6882 | D:7      | Killed a hornet
  6889 | D:7      | Offered knowledge of Static Discharge by Vehumet.
  6891 | D:7      | Reached ** piety under Vehumet
  6916 | D:7      | Reached skill level 7 in Earth Magic
  7021 | D:7      | You fall into a shaft and drop 1 floor!
  7024 | D:8      | Found a sacrificial altar of Ru.
  7240 | D:8      | Reached skill level 8 in Earth Magic
  7278 | D:8      | Reached XP level 10. HP: 25/63 MP: 9/13
  7584 | D:9      | Reached skill level 9 in Earth Magic
  7594 | D:9      | Learned a level 4 spell: Petrify
  7767 | D:8      | Offered knowledge of Inner Flame by Vehumet.
  7990 | D:8      | Reached *** piety under Vehumet
  8135 | D:8      | Reached skill level 10 in Earth Magic
  8539 | D:8      | Reached skill level 11 in Earth Magic
  9188 | D:9      | Found an opulent altar of Gozag.
  9278 | D:9      | Reached skill level 12 in Earth Magic
  9449 | D:9      | Found a hide-covered altar of Uskayaw.
  9453 | D:9      | Offered knowledge of Frozen Ramparts by Vehumet.
  9490 | D:9      | Learned a level 3 spell: Frozen Ramparts
  9796 | D:9      | Found Giydefotwun's Tremendous Tomes.
  9801 | D:9      | Reached skill level 1 in Ice Magic
 10128 | D:10     | Entered Level 10 of the Dungeon
 10688 | D:10     | Found a staircase to the Lair.
 10907 | D:10     | Noticed Snorg
 10912 | D:10     | Slain by Snorg

Illustrated notes

Levels and vault maps discovered:
D:1:      co_arrival_square_in_a_square_in_a_square, layout_loops_ring
D:2:      layout_basic, dreamdust_ecumenical_altar_grove,
          kennysheep_generic_room_8
D:3:      layout_basic, jmf_multi_god_temple2, nicolae_overflow_two_pavilions,
          lightli_sewer_entry_pipes, nrook_uturn
D:4:      layout_rooms, minmay_temple_entry_enclosed_plants,
          minmay_fountain_box, uniq_sigmund
D:5:      layout_gridville, serial_shops, nicolae_shop_hallway_stairs,
          uniq_duvessa
D:6:      kennysheep_slugbush, layout_loops_corners, lemuel_doored_altar,
          kb_lookout_dungeons_type
D:7:      layout_rooms, okawaru_altar_gauntlet_db
D:8:      layout_basic, kennysheep_mini_moat
D:9:      layout_small_grid, nicolae_uskayaw_dance_studio,
          mainiacjoe_overflow_paths, nicolae_shop_i_like_big_books,
          chequers_serial_rivers_room_b
D:10:     layout_stronghold, grunt_lair_entry_orc_guard_hut, serial_shops,
          nicolae_shop_temple_entry_statues_fountains, uniq_snorg
Temple:   cyrus_circular_temple

Skill      XL: |  1  2  3  4  5  6  7  8  9 10 |
---------------+-------------------------------+-----
Earth Magic    | 4 5 6 8 12 | 12.3
Long Blades    | 2 3 4 7 |  7.1
Fighting       | 7 |  7.3
Armour         | 6 |  6.4
Ice Magic      | 4 |  4.1
Maces & Flails | |  0.4
Polearms       | |  0.1
Staves         | |  0.1
Ranged Weapons | |  0.1
Dodging        | |  1.5
Stealth        | |  2.1
Shields        | |  0.1
Spellcasting   | |  2.0
Hexes          | |  0.7
Summonings     | |  0.1
Transmutations | |  0.7
Poison Magic   | |  0.2

Action                   |  1- 3 |  4- 6 |  7- 9 | 10-12 || total
-------------------------+-------+-------+-------+-------++-------
Melee: Unarmed           |     7 |       |       |       ||     7
       Long sword        |       |    78 |    54 |    45 ||   177
       Punch             |       |       |       |     1 ||     1
Throw: Dart              |       |       |     3 |       ||     3
 Cast: Sandblast         |    53 |    44 |   143 |    95 ||   335
       Stone Arrow       |       |       |     4 |     5 ||     9
       Frozen Ramparts   |       |       |       |     4 ||     4
 Stab: Sleeping          |       |       |     4 |       ||     4
       Distracted        |       |       |     1 |       ||     1
       Confused          |       |       |     1 |       ||     1
Armor: Robe              |    16 |    57 |    25 |       ||    98
       Leather armour    |       |       |    49 |    45 ||    94
Dodge: Dodged            |    38 |    79 |    93 |    63 ||   273

Table legend: (Time is in decaauts)
 A = Elapsed time spent in this place.
 B = Non-inter-level travel time spent in this place.
 C = Inter-level travel time spent in this place.
 D = Time resting spent in this place.
 E = Time spent auto-exploring this place.
 F = Levels seen in this place.
 G = Mean time per level.
                   A        B        C        D        E       F      G
               +--------+--------+--------+--------+--------+-----+--------+
         Total |  11338 |  11027 |    311 |      8 |   9210 |  12 |  944.8 |
       Dungeon |  10091 |   9789 |    302 |      6 |   8270 |  10 | 1009.1 |
        Temple |     53 |     45 |      8 |      0 |     34 |   1 |   53.0 |
         Sewer |   1193 |   1193 |      0 |      2 |    906 |   1 | 1193.0 |
               +--------+--------+--------+--------+--------+-----+--------+

Top non-repeatable levels by time:
     D:8: 1830 daAuts
     D:6: 1505 daAuts
     D:9: 1385 daAuts
   Sewer: 1193 daAuts
     D:1: 1073 daAuts
     D:3: 865 daAuts
     D:2: 861 daAuts
     D:4: 807 daAuts
    D:10: 787 daAuts
     D:5: 707 daAuts
     D:7: 267 daAuts
  Temple: 53 daAuts
